AoeStats
← StormBlessed

Arena

510292198Analyzed
1v1 RM · 1d ago on Sep 30, 2026· 41m 47s· 2 players
Game mode
Random Map
Map size
Tiny (2 player)
Population
200
Speed
Normal
Resources
Standard
Victory
Conquest
Starting age
Dark Age
Ending age
Imperial Age
RankedLock teamsTeams togetherTeam positionsShared explorationLock speedFull tech treeHidden civsTurbo modeCheats
Victory
Defeat
🇺🇸 Lithuanians · United States
912
+15
🇨🇿 Bohemians · Czechia
881
-15
Petříček
10:10 Feudal Age
8:27 Loom
10:44 Double-Bit Axe
14:14 Town Watch
17:49 Castle Age
16:27 Wheelbarrow
16:30 Horse Collar
19:06 Bow Saw
19:59 Pikeman
20:53 Forging
20:39 Fletching
23:16 Crossbowman
24:58 Heavy Plow
26:30 Scale Mail Armor
27:49 Bodkin Arrow
29:05 Chain Mail Armor
33:13 Imperial Age
32:20 Chemistry
32:05 Padded Archer Armor
32:38 Ballistics
33:15 Halberdier
34:13 Arbalester
35:56 Plate Mail Armor
35:37 Squires
37:19 Two-Man Saw
38:36 Iron Casting
38:59 Scale Barding Armor
38:57 Bracer
StormBlessed
11:20 Feudal Age
12:29 Double-Bit Axe
14:50 Castle Age
12:51 Horse Collar
23:03 Wheelbarrow
23:50 Heavy Plow
24:03 Bow Saw
25:03 Hand Cart
26:29 Town Watch
29:16 Imperial Age
27:11 Gold Mining
27:29 Scale Barding Armor
27:35 Forging
29:06 Bloodlines
28:57 Husbandry
29:18 Chain Barding Armor
29:03 Town Patrol
30:27 Iron Casting
29:24 Cavalier
30:12 Stone Mining
31:05 Plate Barding Armor
32:08 Paladin
Connection lost

Rejoining the realm…

Still unreachable

The connection could not be restored.

Session expired

The server has moved on; the page needs a fresh start.